TOP OF THE 1ST |
Pulaski Yankees batting - Pitching for Seattle (APP) Mariners : LHP Kelly Cathcart
|
Pitching: LHP Kelly Cathcart
|
|
Batting: RHB Fernando Cruz
|
0-0: Ball 1-0: SOLO HOME RUN (Flyball, 89XD, EV 98.8 MPH), Distance : 406 ft
|
Batting: RHB Miguel Leal
|
0-0: Ball 1-0: SINGLE (Groundball, 56D, EV 108.1 MPH)
|
Batting: LHB Yao-pang Tien
|
0-0: Ball 1-0: Foul Ball, location: 2F 1-1: Ball 2-1: Foul Ball, location: 2F 2-2: Ball 3-2: Foul Ball, location: 2F 3-2: DOUBLE (Line Drive, 9LM, EV 102.5 MPH) Miguel Leal to third
|
Batting: RHB Bryan Shackelford
|
0-0: Ball 1-0: Swinging Strike 1-1: Ball 2-1: Ball 3-1: Swinging Strike 3-2: Fly out, F8 (Flyball, 8RD, EV 93.1 MPH)
|
Batting: RHB Barry White
|
0-0: Ball 1-0: Foul Ball, location: 2F 1-1: Foul Ball, location: 2F 1-2: Fly out, F8 (Flyball, 8RXD, EV 86.9 MPH) Runner from 3rd tags up, SCORES, no throw by CF
|
Batting: RHB Victor Quinones
|
0-0: Ball 1-0: Ball Wild Pitch! Yao-pang Tien to third 2-0: Ground out 6-3 (Groundball, 6, EV 84.4 MPH)
|
Top of the 1st over - 2 runs, 3 hits, 0 errors, 1 left on base; Pulaski 2 - Seattle (APP) 0 |
BOTTOM OF THE 1ST |
Seattle (APP) Mariners batting - Pitching for Pulaski Yankees : LHP Juan Becerra
|
Pitching: LHP Juan Becerra
|
|
Batting: LHB Humberto Herrada
|
0-0: Called Strike 0-1: Swinging Strike 0-2: Ball 1-2: SINGLE (Groundball, 4, EV 80.6 MPH) (infield hit)
|
Batting: RHB Abel Gray
|
0-0: Ball 1-0: Ball 2-0: Ball 3-0: Called Strike 3-1: Base on Balls Humberto Herrada to second
|
Batting: LHB Griffin Fogle
|
0-0: Ball 1-0: Called Strike 1-1: Ball 2-1: Called Strike 2-2: Strikes out looking
|
Batting: RHB J.J. Phillips
|
0-0: Foul Ball, location: 2F 0-1: Fielders Choice at 2nd, 5-4 (Groundball, 56, EV 105.0 MPH) Humberto Herrada to third
|
Batting: RHB Corey Davis
|
0-0: Called Strike 0-1: Foul Ball, location: 2F 0-2: Ball 1-2: Strikes out swinging
|
Bottom of the 1st over - 0 runs, 1 hit, 0 errors, 2 left on base; Pulaski 2 - Seattle (APP) 0 |
TOP OF THE 2ND |
Pulaski Yankees batting - Pitching for Seattle (APP) Mariners : LHP Kelly Cathcart
|
Batting: RHB Stephen Charbonneau
|
0-0: Ball 1-0: Ball 2-0: Ball 3-0: Called Strike 3-1: Base on Balls
|
Batting: RHB Gomes Povoena
|
0-0: Ball 1-0: Called Strike 1-1: Fly out, F9 (Flyball, 9LSF, EV 89.4 MPH)
|
Batting: SHB Ramon Landeros
|
0-0: Ball 1-0: Called Strike 1-1: Ball 2-1: Swinging Strike 2-2: Strikes out swinging
|
Batting: RHB Fernando Cruz
|
0-0: Called Strike 0-1: Foul Ball, location: 2F 0-2: Foul Ball, location: 2F 0-2: Ball Stephen Charbonneau steals 2nd base 1-2: Foul Ball, location: 2F 1-2: DOUBLE (Flyball, 8RXD, EV 103.8 MPH) Stephen Charbonneau scores
|
Batting: RHB Miguel Leal
|
0-0: Ball 1-0: Called Strike 1-1: Foul Ball, location: 2F 1-2: Strikes out swinging
|
Top of the 2nd over - 1 run, 1 hit, 0 errors, 1 left on base; Pulaski 3 - Seattle (APP) 0 |
BOTTOM OF THE 2ND |
Seattle (APP) Mariners batting - Pitching for Pulaski Yankees : LHP Juan Becerra
|
Batting: RHB Manny Santos
|
0-0: Ball 1-0: Foul Ball, location: 2F 1-1: Ground out 6-3 (Groundball, 6, EV 86.9 MPH)
|
Batting: LHB Joe Thompson
|
0-0: Called Strike 0-1: Fly out, F7 (Flyball, 7S, EV 83.8 MPH)
|
Batting: RHB David Knox
|
0-0: Foul Ball, location: 2F 0-1: Foul Ball, location: 2F 0-2: Ball 1-2: Foul Ball, location: 2F 1-2: Ball 2-2: Ball 3-2: DOUBLE (Groundball, 5L, EV 107.5 MPH)
|
Batting: RHB Evan Bohringer
|
0-0: Ball 1-0: Called Strike 1-1: Ball 2-1: Foul Ball, location: 2F 2-2: Strikes out swinging
|
Bottom of the 2nd over - 0 runs, 1 hit, 0 errors, 1 left on base; Pulaski 3 - Seattle (APP) 0 |
TOP OF THE 3RD |
Pulaski Yankees batting - Pitching for Seattle (APP) Mariners : LHP Kelly Cathcart
|
Batting: LHB Yao-pang Tien
|
0-0: Called Strike 0-1: Foul Ball, location: 2F 0-2: Foul Ball, location: 2F 0-2: Ball 1-2: Fly out, F6 (Popup, 6, EV 52.5 MPH)
|
Pitching: LHP Raul Navarrete
|
|
Batting: RHB Bryan Shackelford
|
0-0: Swinging Strike 0-1: Foul Ball, location: 2F 0-2: Foul Ball, location: 2F 0-2: Foul Ball, location: 2F 0-2: Foul Ball, location: 2F 0-2: Ball 1-2: Foul Ball, location: 2F 1-2: Foul Ball, location: 2F 1-2: Ball 2-2: Ball 3-2: Fly out, F7 (Flyball, 7LMF, EV 84.4 MPH)
|
Batting: RHB Barry White
|
0-0: Ball 1-0: Ball 2-0: Called Strike 2-1: Ball 3-1: SOLO HOME RUN (Flyball, 7D, EV 106.9 MPH), Distance : 365 ft
|
Batting: RHB Victor Quinones
|
0-0: Ball 1-0: Ball 2-0: Ball 3-0: Called Strike 3-1: Base on Balls
|
Batting: RHB Stephen Charbonneau
|
0-0: Called Strike 0-1: Ball 1-1: Ball 2-1: Swinging Strike 2-2: Strikes out looking
|
Top of the 3rd over - 1 run, 1 hit, 0 errors, 1 left on base; Pulaski 4 - Seattle (APP) 0 |
BOTTOM OF THE 3RD |
Seattle (APP) Mariners batting - Pitching for Pulaski Yankees : LHP Juan Becerra
|
Batting: LHB Humberto Herrada
|
0-0: Ball 1-0: Foul Ball, location: 2F 1-1: Swinging Strike 1-2: Strikes out swinging
|
Batting: RHB Abel Gray
|
0-0: Ground out 6-3 (Groundball, 6, EV 85.0 MPH)
|
Batting: LHB Griffin Fogle
|
0-0: Foul Ball, location: 2F 0-1: Ball 1-1: Called Strike 1-2: Ball 2-2: Strikes out swinging
|
Bottom of the 3rd over - 0 runs, 0 hits, 0 errors, 0 left on base; Pulaski 4 - Seattle (APP) 0 |
TOP OF THE 4TH |
Pulaski Yankees batting - Pitching for Seattle (APP) Mariners : LHP Raul Navarrete
|
Batting: RHB Gomes Povoena
|
0-0: Swinging Strike 0-1: Foul Ball, location: 2F 0-2: Strikes out swinging
|
Batting: SHB Ramon Landeros
|
0-0: Ball 1-0: Ball 2-0: Swinging Strike 2-1: Ball 3-1: Ground out 1-3 (Groundball, 13, EV 84.4 MPH)
|
Batting: RHB Fernando Cruz
|
0-0: Ball 1-0: Ball 2-0: Called Strike 2-1: Ball 3-1: Foul Ball, location: 2F 3-2: SINGLE (Groundball, 4M, EV 107.5 MPH) (infield hit)
|
Batting: RHB Miguel Leal
|
0-0: Called Strike 0-1: Swinging Strike 0-2: Ball 1-2: Strikes out looking
|
Top of the 4th over - 0 runs, 1 hit, 0 errors, 1 left on base; Pulaski 4 - Seattle (APP) 0 |
BOTTOM OF THE 4TH |
Seattle (APP) Mariners batting - Pitching for Pulaski Yankees : LHP Juan Becerra
|
Batting: RHB J.J. Phillips
|
0-0: Called Strike 0-1: Ball 1-1: Ball 2-1: Ball 3-1: Foul Ball, location: 2F 3-2: Ground out 6-3 (Groundball, 6, EV 90.6 MPH)
|
Batting: RHB Corey Davis
|
0-0: Ball 1-0: Ball 2-0: Foul Ball, location: 2F 2-1: Fly out, F6 (Popup, P, EV 72.5 MPH)
|
Batting: RHB Manny Santos
|
0-0: Called Strike 0-1: Called Strike 0-2: Strikes out looking
|
Bottom of the 4th over - 0 runs, 0 hits, 0 errors, 0 left on base; Pulaski 4 - Seattle (APP) 0 |
TOP OF THE 5TH |
Pulaski Yankees batting - Pitching for Seattle (APP) Mariners : LHP Raul Navarrete
|
Batting: LHB Yao-pang Tien
|
0-0: Called Strike 0-1: Called Strike 0-2: Fly out, F8 (Flyball, 8LD, EV 95.6 MPH)
|
Batting: RHB Bryan Shackelford
|
0-0: Swinging Strike 0-1: Swinging Strike 0-2: Ball 1-2: Ball 2-2: Ball 3-2: Fly out, F8 (Line Drive, 8LD, EV 85.0 MPH)
|
Batting: RHB Barry White
|
0-0: Ball 1-0: Ball 2-0: Fly out, F2 (Popup, 25F, EV 90.0 MPH)
|
Top of the 5th over - 0 runs, 0 hits, 0 errors, 0 left on base; Pulaski 4 - Seattle (APP) 0 |
BOTTOM OF THE 5TH |
Seattle (APP) Mariners batting - Pitching for Pulaski Yankees : LHP Juan Becerra
|
Batting: LHB Joe Thompson
|
0-0: Called Strike 0-1: Swinging Strike 0-2: Ball 1-2: Foul Ball, location: 2F 1-2: Foul Ball, location: 2F 1-2: Ball 2-2: Foul Ball, location: 2F 2-2: Ground out 1-3 (Groundball, 34S, EV 83.1 MPH)
|
Batting: RHB David Knox
|
0-0: Ball 1-0: Ground out 5-3 (Groundball, 56, EV 83.1 MPH)
|
Batting: RHB Evan Bohringer
|
0-0: Called Strike 0-1: Called Strike 0-2: Foul Ball, location: 2F 0-2: Ball 1-2: Strikes out swinging
|
Bottom of the 5th over - 0 runs, 0 hits, 0 errors, 0 left on base; Pulaski 4 - Seattle (APP) 0 |
TOP OF THE 6TH |
Pulaski Yankees batting - Pitching for Seattle (APP) Mariners : LHP Raul Navarrete
|
Batting: RHB Victor Quinones
|
0-0: Ball 1-0: Ground out 6-3 (Groundball, 6, EV 104.4 MPH)
|
Batting: RHB Stephen Charbonneau
|
0-0: Ball 1-0: Called Strike 1-1: Foul Ball, location: 2F 1-2: Foul Ball, location: 2F 1-2: Foul Ball, location: 2F 1-2: SINGLE (Line Drive, 6MD, EV 101.9 MPH)
|
Pitching: LHP Dustin Hallam
|
|
Batting: RHB Gomes Povoena
|
0-0: Called Strike 0-1: Foul Ball, location: 2F 0-2: Ground out 6-3 (Groundball, 6S, EV 63.1 MPH) Stephen Charbonneau to second
|
Batting: SHB Ramon Landeros
|
0-0: Called Strike 0-1: Ground out 5-3 (Groundball, 5S, EV 82.5 MPH)
|
Top of the 6th over - 0 runs, 1 hit, 0 errors, 1 left on base; Pulaski 4 - Seattle (APP) 0 |
BOTTOM OF THE 6TH |
Seattle (APP) Mariners batting - Pitching for Pulaski Yankees : LHP Juan Becerra
|
Batting: LHB Humberto Herrada
|
0-0: Swinging Strike 0-1: Fly out, F8 (Flyball, 8RM, EV 79.4 MPH)
|
Batting: RHB Abel Gray
|
0-0: Called Strike 0-1: Ball 1-1: Foul Ball, location: 2F 1-2: Foul Ball, location: 2F 1-2: Ground out 6-3 (Groundball, 6, EV 92.5 MPH)
|
Batting: LHB Griffin Fogle
|
0-0: SINGLE (Groundball, 4MD, EV 99.4 MPH)
|
Batting: RHB J.J. Phillips
|
0-0: Ball 1-0: Called Strike 1-1: Foul Ball, location: 2F 1-2: Strikes out looking
|
Bottom of the 6th over - 0 runs, 1 hit, 0 errors, 1 left on base; Pulaski 4 - Seattle (APP) 0 |
TOP OF THE 7TH |
Pulaski Yankees batting - Pitching for Seattle (APP) Mariners : LHP Dustin Hallam
|
Batting: RHB Fernando Cruz
|
0-0: Called Strike 0-1: Ball 1-1: Ball 2-1: Foul Ball, location: 2F 2-2: Foul Ball, location: 2F 2-2: Ball 3-2: Ground out 6-3 (Groundball, 6, EV 91.9 MPH)
|
Batting: RHB Miguel Leal
|
0-0: Ball 1-0: Foul Ball, location: 2F 1-1: Ball 2-1: Ball 3-1: Foul Ball, location: 2F 3-2: Foul Ball, location: 2F 3-2: Ground out 3-1 (Groundball, 34S, EV 91.9 MPH)
|
Batting: LHB Yao-pang Tien
|
0-0: Ball 1-0: SOLO HOME RUN (Flyball, 9D, EV 101.3 MPH), Distance : 368 ft
|
Batting: RHB Bryan Shackelford
|
0-0: Called Strike 0-1: Swinging Strike 0-2: Ball 1-2: Ball 2-2: Foul Ball, location: 2F 2-2: Ball 3-2: Foul Ball, location: 2F 3-2: Base on Balls
|
Batting: RHB Barry White
|
0-0: Ball 1-0: Ball 2-0: Ball 3-0: Base on Balls Bryan Shackelford to second
|
Batting: RHB Victor Quinones
|
0-0: Foul Ball, location: 2F 0-1: Fly out, F8 (Flyball, 8LM, EV 81.9 MPH)
|
Top of the 7th over - 1 run, 1 hit, 0 errors, 2 left on base; Pulaski 5 - Seattle (APP) 0 |
BOTTOM OF THE 7TH |
Seattle (APP) Mariners batting - Pitching for Pulaski Yankees : LHP Juan Becerra
|
Batting: RHB Corey Davis
|
0-0: Ball 1-0: Called Strike 1-1: Called Strike 1-2: Strikes out swinging
|
Batting: RHB Manny Santos
|
0-0: Foul Ball, location: 2F 0-1: Ball 1-1: Ball 2-1: Ground out 6-3 (Groundball, 6, EV 77.5 MPH)
|
Batting: LHB Joe Thompson
|
0-0: Foul Ball, location: 2F 0-1: Foul Ball, location: 2F 0-2: Strikes out swinging
|
Bottom of the 7th over - 0 runs, 0 hits, 0 errors, 0 left on base; Pulaski 5 - Seattle (APP) 0 |
TOP OF THE 8TH |
Pulaski Yankees batting - Pitching for Seattle (APP) Mariners : LHP Dustin Hallam
|
Batting: RHB Stephen Charbonneau
|
0-0: Called Strike 0-1: Ball 1-1: Called Strike 1-2: Strikes out swinging
|
Batting: RHB Gomes Povoena
|
0-0: Ball 1-0: Fly out, F7 (Flyball, 7S, EV 91.3 MPH)
|
Batting: SHB Ramon Landeros
|
0-0: Ball 1-0: Ground out U3 (Groundball, 34, EV 103.8 MPH)
|
Top of the 8th over - 0 runs, 0 hits, 0 errors, 0 left on base; Pulaski 5 - Seattle (APP) 0 |
BOTTOM OF THE 8TH |
Seattle (APP) Mariners batting - Pitching for Pulaski Yankees : LHP Juan Becerra
|
Batting: RHB David Knox
|
0-0: Called Strike 0-1: Ground out U3 (Groundball, 34, EV 81.3 MPH)
|
Batting: RHB Evan Bohringer
|
0-0: Called Strike 0-1: Ground out 4-3 (Groundball, 4, EV 96.9 MPH)
|
Batting: LHB Humberto Herrada
|
0-0: Called Strike 0-1: Ball 1-1: Ball 2-1: Swinging Strike 2-2: Strikes out swinging
|
Bottom of the 8th over - 0 runs, 0 hits, 0 errors, 0 left on base; Pulaski 5 - Seattle (APP) 0 |
TOP OF THE 9TH |
Pulaski Yankees batting - Pitching for Seattle (APP) Mariners : LHP Dustin Hallam
|
Batting: RHB Fernando Cruz
|
0-0: Foul Ball, location: 2F 0-1: Ground out 5-3 (Groundball, 5L, EV 92.5 MPH)
|
Batting: RHB Miguel Leal
|
0-0: Ball 1-0: Swinging Strike 1-1: Ball 2-1: Ball 3-1: Foul Ball, location: 2F 3-2: Strikes out swinging
|
Batting: LHB Yao-pang Tien
|
0-0: Foul Ball, location: 2F 0-1: Ball 1-1: Swinging Strike 1-2: Strikes out swinging
|
Top of the 9th over - 0 runs, 0 hits, 0 errors, 0 left on base; Pulaski 5 - Seattle (APP) 0 |
BOTTOM OF THE 9TH |
Seattle (APP) Mariners batting - Pitching for Pulaski Yankees : LHP Juan Becerra
|
Batting: RHB Abel Gray
|
0-0: Swinging Strike 0-1: Ball 1-1: Called Strike 1-2: DOUBLE (Flyball, 8LXD, EV 98.1 MPH)
|
Batting: LHB Griffin Fogle
|
0-0: Called Strike 0-1: Foul Ball, location: 2F 0-2: Ball 1-2: Ball 2-2: Foul Ball, location: 2F 2-2: Foul Ball, location: 2F 2-2: Foul Ball, location: 2F 2-2: Foul Ball, location: 2F 2-2: SINGLE (Groundball, 34D, EV 95.0 MPH) Abel Gray to third
|
Batting: RHB J.J. Phillips
|
0-0: Called Strike 0-1: Foul Ball, location: 2F 0-2: Ball 1-2: SINGLE (Line Drive, 4MD, EV 96.3 MPH) Abel Gray scores Griffin Fogle to second
|
Batting: RHB Corey Davis
|
0-0: Ball 1-0: SINGLE (Groundball, 5S, EV 65.6 MPH) (infield hit) Griffin Fogle to third J.J. Phillips to second
|
Batting: RHB Manny Santos
|
0-0: Ball 1-0: Ball 2-0: Called Strike 2-1: Ball 3-1: Ground out 4-3 (Groundball, 4S, EV 90.0 MPH) Griffin Fogle scores J.J. Phillips to third Corey Davis to second
|
Batting: LHB Joe Thompson
|
0-0: Called Strike 0-1: Ball 1-1: Ball 2-1: Ball 3-1: Called Strike 3-2: Ground out U3 (Groundball, 3, EV 76.3 MPH)
|
Batting: RHB David Knox
|
0-0: Ball 1-0: Ball 2-0: Foul Ball, location: 2F 2-1: 3-RUN HOME RUN (Flyball, 78XD, EV 92.5 MPH), Distance : 394 ft
|
Batting: RHB Evan Bohringer
|
0-0: Called Strike 0-1: Ball 1-1: Ground out U3 (Groundball, 3S, EV 85.0 MPH)
|
Bottom of the 9th over - 5 runs, 5 hits, 0 errors, 0 left on base; Pulaski 5 - Seattle (APP) 5 |
TOP OF THE 10TH |
Pulaski Yankees batting - Pitching for Seattle (APP) Mariners : LHP Dustin Hallam
|
Pitching: RHP Gregorio Perez
|
|
Pinch Hitting: LHB Javier Casas
|
0-0: Called Strike 0-1: Ball 1-1: Ball 2-1: Ground out 6-3 (Groundball, 6, EV 80.6 MPH)
|
Batting: RHB Barry White
|
0-0: Called Strike 0-1: Foul Ball, location: 2F 0-2: Ball 1-2: Strikes out looking
|
Batting: RHB Victor Quinones
|
0-0: Foul Ball, location: 2F 0-1: Swinging Strike 0-2: Ball 1-2: Ball 2-2: Strikes out swinging
|
Top of the 10th over - 0 runs, 0 hits, 0 errors, 0 left on base; Pulaski 5 - Seattle (APP) 5 |
BOTTOM OF THE 10TH |
Seattle (APP) Mariners batting - Pitching for Pulaski Yankees : LHP Juan Becerra
|
Now at SS: Raul Bueno
|
|
Batting: LHB Humberto Herrada
|
0-0: Called Strike 0-1: DOUBLE (Flyball, 8LXD, EV 105.0 MPH)
|
Batting: RHB Abel Gray
|
0-0: Intentional Walk
|
Batting: LHB Griffin Fogle
|
0-0: Ball 1-0: Called Strike 1-1: Ball 2-1: Foul Ball, location: 2F 2-2: Fielders Choice at 2nd, 6-4 (Groundball, 6, EV 103.1 MPH) Humberto Herrada to third
|
Batting: RHB J.J. Phillips
|
0-0: SINGLE (Flyball, 9LS, EV 91.9 MPH) Humberto Herrada scores
|
|
Game Over ... Seattle (APP) defeats Pulaski, 6 to 5
|
|
 |
Thursday, March 31st , 2022 - OOTP Baseball 22.12 Build 89
|
|